AoeStats
← Beardsley McTurbanhead

Lombardia

509046329Analyzed
2v2 RM · 6d ago on Sep 25, 2026· 58m 19s· 4 players
Game mode
Random Map
Map size
Medium (4 player)
Population
200
Speed
Normal
Resources
Standard
Victory
Conquest
Starting age
Dark Age
Ending age
Imperial Age
RankedLock teamsTeams togetherTeam positionsShared explorationLock speedFull tech treeHidden civsTurbo modeCheats
Victory
Defeat
🇸🇪 Vietnamese · Sweden
966
+10
🇨🇳 Tatars · China
839
+15
🇦🇺 Shu · Australia
903
-15
🇦🇺 Spanish · Australia
759
-10
it_Solrac
8:21 Loom
10:56 Feudal Age
12:06 Man-at-Arms
13:46 Double-Bit Axe
13:42 Horse Collar
14:21 Arson
15:36 Forging
18:12 Wheelbarrow
20:12 Castle Age
21:44 Gambesons
22:12 Elite Skirmisher
28:02 Coiled Serpent Array
29:38 Squires
31:52 Husbandry
33:37 Pikeman
34:40 Bow Saw
34:31 Heavy Plow
34:22 Gold Mining
34:23 Stone Mining
34:26 Fletching
34:43 Scale Barding Armor
34:40 Padded Archer Armor
34:40 Scale Mail Armor
38:27 Hand Cart
38:57 Town Watch
42:12 Gold Shaft Mining
41:43 Bodkin Arrow
42:04 Fortified Wall
42:08 Masonry
41:57 Murder Holes
42:26 Ballistics
41:49 Treadmill Crane
42:20 Masonry
44:19 Chain Barding Armor
44:15 Leather Archer Armor
47:39 Imperial Age
46:06 Thumb Ring
48:59 Halberdier
49:02 Heavy Hei Guang Cavalry
49:08 Elite White Feather Guard
49:51 Bolt Magazine
51:33 Conscription
54:21 Two-Man Saw
56:25 Hoardings
Beardsley McTurbanhead
7:15 Loom
11:22 Feudal Age
13:08 Double-Bit Axe
17:28 Castle Age
15:28 Horse Collar
19:02 Bow Saw
26:30 Scale Barding Armor
27:02 Husbandry
28:59 Wheelbarrow
28:10 Town Watch
30:38 Gold Mining
30:40 Stone Mining
31:43 Bloodlines
33:06 Light Cavalry
34:11 Chain Barding Armor
36:12 Hand Cart
37:21 Stone Shaft Mining
39:17 Imperial Age
36:57 Heavy Plow
39:18 Forging
41:27 Iron Casting
42:01 Two-Man Saw
40:32 Cavalier
40:34 Hussar
41:55 Plate Barding Armor
43:11 Blast Furnace
42:37 Conscription
43:02 Ballistics
43:43 Chemistry
43:03 Paladin
43:44 Fletching
45:00 Caravan
49:55 Man-at-Arms
50:21 Gambesons
50:37 Squires
50:23 Arson
50:42 Scale Mail Armor
50:38 Bodkin Arrow
50:46 Arrowslits
50:41 Long Swordsman
52:38 Chain Mail Armor
51:46 Two-Handed Swordsman
52:52 Champion
54:56 Pikeman
56:16 Plate Mail Armor
55:53 Halberdier
40436350
0:29 Loom
11:30 Feudal Age
17:28 Castle Age
20:01 Fletching
32:07 Bloodlines
35:43 Imperial Age
34:41 Bodkin Arrow
34:57 Forging
34:58 Double-Bit Axe
34:55 Horse Collar
38:24 Chemistry
37:32 Siege Engineers
38:17 Silk Armor
39:24 Bow Saw
39:27 Heavy Plow
39:53 Gold Mining
42:07 Timurid Siegecraft
42:19 Conscription
44:02 Iron Casting
43:33 Scale Barding Armor
43:24 Pikeman
44:12 Scale Mail Armor
44:12 Bracer
44:13 Padded Archer Armor
46:17 Wheelbarrow
47:28 Hand Cart
47:39 Squires
47:00 Halberdier
49:27 Town Watch
51:53 Blast Furnace
51:14 Chain Barding Armor
51:40 Elite Skirmisher
53:21 Leather Archer Armor
58:28 Caravan
59:12 Gold Shaft Mining
aoesweden
5:17 Loom
11:03 Feudal Age
11:34 Double-Bit Axe
14:38 Wheelbarrow
13:47 Horse Collar
16:33 Gold Mining
18:21 Stone Mining
19:24 Scale Mail Armor
20:14 Scale Barding Armor
22:00 Forging
24:56 Castle Age
26:12 Bow Saw
25:32 Pikeman
26:16 Heavy Plow
26:04 Elite Skirmisher
27:22 Stone Shaft Mining
27:11 Chain Mail Armor
32:01 Bloodlines
31:51 Husbandry
32:22 Fletching
32:32 Padded Archer Armor
32:57 Ballistics
34:13 Murder Holes
34:41 Chatras
34:46 Husbandry
38:34 Imperial Age
37:08 Caravan
37:38 Hand Cart
37:36 Thumb Ring
36:53 Crossbowman
37:48 Squires
37:34 Arson
37:56 Light Cavalry
39:40 Paper Money
38:44 Halberdier
39:51 Bodkin Arrow
39:57 Padded Archer Armor
41:30 Hoardings
41:58 Chemistry
41:16 Imperial Skirmisher
41:48 Elite Rattan Archer
42:58 Bracer
43:13 Leather Archer Armor
43:34 Iron Casting
45:00 Two-Man Saw
44:49 Arbalester
45:36 Siege Engineers
45:19 Arrowslits
45:06 Elite Fire Lancer
48:24 Cavalier
50:29 Plate Mail Armor
50:30 Ring Archer Armor
50:21 Chain Barding Armor
49:37 Man-at-Arms
50:13 Long Swordsman
50:54 Two-Handed Swordsman
51:53 Elite Battle Elephant
53:19 Champion
Connection lost

Rejoining the realm…

Still unreachable

The connection could not be restored.

Session expired

The server has moved on; the page needs a fresh start.